 Dungeon Crawl Stone Soup version 0.21-a0-2-ge494091 (webtiles) character file.

16604 nikopol the Cleaver (level 12, -15/114 HPs)
             Began as a Gargoyle Berserker on May 21, 2017.
             Was a High Priest of Trog.
             Demolished by a very large slime creature (35 damage)
             ... on level 12 of the Dungeon.
             The game lasted 00:33:15 (13019 turns).

nikopol the Cleaver (Gargoyle Berserker)           Turns: 13019, Time: 00:33:16

Health: -15/114    AC: 23    Str: 26    XL:     12   Next: 39%
Magic:  12/12      EV: 12    Int: 11    God:    Trog [*****.]
Gold:   742        SH:  0    Dex: 13    Spells: 11/11 levels left

rFire    . . .     SeeInvis +   a - +10 hand axe of the Endless Expanse {venom, Int+2}
rCold    . . .     Gourm    .   (no shield)
rNeg     + . .     Faith    .   A - +0 chain mail {rPois}
rPois    ∞         Spirit   .   x - +0 helmet
rElec    +         Reflect  .   R - scarf {cloud immunity}
rCorr    .         Harm     .   (no gloves)
MR       +....                  E - +1 pair of boots
Stlth    ..........             (no amulet)
Regen    0.3/turn               B - ring of protection from magic
MPRegen  0.2/turn               r - ring of see invisible

@: berserking, very quick
A: negative energy resistance 1, electricity resistance, unbreathing,
petrification resistance, rot immunity, AC +8
a: Berserk, Trog's Hand, Brothers in Arms, Burn Spellbooks, Renounce Religion


You were on level 12 of the Dungeon.
You worshipped Trog.
Trog was extremely pleased with you.
You were near starving.

You visited 1 branch of the dungeon, and saw 13 of its levels.

You collected 742 gold pieces.

Inventory:

Hand Weapons
 a - the +10 hand axe of the Endless Expanse (weapon) {venom, Int+2}
   (You found it on level 9 of the Dungeon)

   It poisons the flesh of those it strikes.
   It affects your intelligence (+2).
 t - a +1 flail of crushing
 z - a +0 shortbow
 M - a +3 hand axe of flaming
 Q - a cursed +0 hand axe
Missiles
 g - 456 arrows (quivered)
Armour
 x - a +0 helmet (worn)
 A - a +0 chain mail of poison resistance (worn)
 E - a +1 pair of boots (worn)
 R - a scarf of cloud immunity (worn)
Jewellery
 r - a ring of see invisible (right hand)
 B - a ring of protection from magic (left hand)
 S - an uncursed ring of flight {unknown}
Wands
 T - a wand of polymorph (9/24)
Scrolls
 i - a scroll of identify
 l - 3 scrolls of remove curse
 q - 4 scrolls of teleportation {unknown}
 u - 3 scrolls of enchant weapon {unknown}
 w - a scroll of recharging {unknown}
 y - a scroll of blinking {unknown}
 C - 4 scrolls of amnesia {unknown}
 D - a scroll of summoning {unknown}
 I - a scroll of fog {unknown}
 K - 3 scrolls of vulnerability {unknown}
 O - a scroll of fear {unknown}
 P - a scroll of brand weapon {unknown}
Potions
 d - 4 potions of heal wounds
 e - 5 potions of curing
 j - a potion of invisibility
 k - 2 potions of agility
 m - 3 potions of brilliance
 n - 3 potions of haste
 v - 2 potions of ambrosia
 H - 2 potions of magic
 J - 2 potions of resistance
 L - a potion of berserk rage {unknown}
 N - a potion of might
Comestibles
 b - 6 fruits
 c - 12 bread rations
 s - 3 meat rations
 V - 2 royal jellies


   Skills:
 + Level 9.5 Fighting
 * Level 10.5 Axes
 * Level 9.5 Bows
 + Level 8.8 Armour
 + Level 6.8 Dodging


You had 11 spell levels left.
You didn't know any spells.

Dungeon Overview and Level Annotations

Branches:
Dungeon (13/15)            Temple (0/1) D:6            Lair (0/6) D:11
    Orc (0/2) D:10
 Vaults: D:13-14

Altars:
Ashenzari
Cheibriados
Makhleb
Sif Muna
Vehumet
Wu Jian
Xom
The Shining One
Beogh

Shops:
D:5 (


Innate Abilities, Weirdness & Mutations

You are resistant to torment.
Your stone body is resilient. (AC +8)
You are immune to poison.
You resist negative energy. (rN+)
You are resistant to electric shocks. (rElec)
You can survive without breathing.
You are immune to petrification.
You are immune to rotting.


Message History

The very large slime creature is moderately wounded.
The very large slime creature hits you but does no damage.
You slash the very large slime creature!
The very large slime creature looks as sick as possible!
The very large slime creature is moderately wounded.
You hit the very large slime creature.
The very large slime creature is moderately wounded.
The very large slime creature hits you.
You slash the very large slime creature!
The very large slime creature looks as sick as possible!
The very large slime creature is heavily wounded.
The very large slime creature hits you!!!
Ouch! That really hurt!
* * * LOW HITPOINT WARNING * * *
You are too injured to fight recklessly!
A red film seems to cover your vision as you go berserk!
You feel yourself moving faster!
You feel mighty!
You are near starving!
The very large slime creature hits you!!
You die...

##...## ...# ##.....##
##...## ##>......##
##.....#
#.........####....#.##.
+.........'............
#.>.......####.........
##.......## ##..#.##.
##.....## #.## .#
##...## ##@# ##+##
##J....# (##### (# .#
.# .# .#


You could see a very large slime creature.

Vanquished Creatures
  A hydra (D:11)
  2 two-headed ogres (D:10)
  2 centaur warriors (D:13)
  2 manticores
  5 gargoyles
  2 trolls (D:10)
  2 hornets
  Grinder (D:4)
  3 slime creatures
  4 hippogriffs
  A spriggan (D:9)
  A wraith (D:10)
  8 yaks
  2 hungry ghosts
  2 wargs (D:11)
  A water moccasin (D:9)
  2 black bears
  4 orc warriors
  4 sky beasts
  An ice beast (D:11)
  A phantom (D:5)
  15 centaurs
  4 ogres
  2 big kobolds
  9 bullfrogs
  A scorpion (D:7)
  15 killer bees
  2 howler monkeys
  6 electric eels (D:9)
  5 crimson imps
  A bullfrog zombie (D:7)
  The ghost of murphy the Digger, a weakling DEEE (D:5)
  3 quasits
  A centaur zombie (D:9)
  9 hounds
  3 jellies
  14 orc wizards
  7 orc priests
  Crazy Yiuf (D:2)
  A centaur skeleton (D:10)
  A gnoll shaman (D:8)
  A bullfrog skeleton (D:7)
  10 iguanas
  Ijyb (D:5)
  12 worker ants
  A hound skeleton (D:4)
  Robin (D:2)
  12 adders
  8 gnolls
  A shadow imp (D:8)
  An ooze (D:5)
  7 worms
  A dart slug (D:1)
  6 leopard geckos
  44 orcs
  3 ball pythons (D:3)
  4 giant cockroaches
  9 hobgoblins
  5 jackals
  8 quokkas
  7 bats
  5 frilled lizards
  17 goblins
  A jackal zombie (D:9)
  20 kobolds
  5 rats
342 creatures vanquished.

Vanquished Creatures (others)
  A bat (D:1)
  2 plants (D:9)
3 creatures vanquished.

Grand Total: 345 creatures vanquished

Notes
Turn   | Place    | Note
-------+----------+-------------------------------------------
     0 | D:1      | nikopol the Gargoyle Berserker began the quest for the Orb.
     0 | D:1      | Reached XP level 1. HP: 14/14 MP: 1/1
   286 | D:1      | Reached XP level 2. HP: 16/19 MP: 2/2
   772 | D:2      | Reached ** piety under Trog
   772 | D:2      | Reached skill level 3 in Axes
   772 | D:2      | Reached XP level 3. HP: 23/23 MP: 3/3
   932 | D:2      | Found a burning altar of Makhleb.
  1123 | D:2      | Reached XP level 4. HP: 7/29 MP: 4/4
  1544 | D:2      | Found a runed door.
  1548 | D:2      | Noticed Crazy Yiuf
  1557 | D:2      | Killed Crazy Yiuf
  1935 | D:2      | Noticed Robin
  1958 | D:2      | Reached XP level 5. HP: 26/33 MP: 5/5
  1963 | D:2      | Killed Robin
  2053 | D:2      | Found a radiant altar of Vehumet.
  2060 | D:2      | Found an ornate altar of the Wu Jian Council.
  2588 | D:3      | Reached skill level 4 in Axes
  2775 | D:3      | Reached *** piety under Trog
  2972 | D:4      | Reached XP level 6. HP: 39/39 MP: 6/6
  3079 | D:4      | Found a roughly hewn altar of Beogh.
  3218 | D:4      | Found a shattered altar of Ashenzari.
  3674 | D:4      | Reached skill level 5 in Fighting
  3674 | D:4      | Reached XP level 7. HP: 40/44 MP: 7/7
  3741 | D:4      | Reached skill level 5 in Axes
  4027 | D:4      | Noticed Grinder
  4045 | D:4      | Paralysed by Grinder for 6 turns
  4051 | D:4      | Killed Grinder
  4250 | D:5      | Entered Level 5 of the Dungeon
  4340 | D:5      | Reached XP level 8. HP: 28/51 MP: 8/8
  4509 | D:5      | Found Hetafice's Antique Weapon Shop.
  4521 | D:5      | Noticed Ijyb
  4538 | D:5      | Killed Ijyb
  4785 | D:5      | Reached skill level 5 in Armour
  4909 | D:5      | Found a deep blue altar of Sif Muna.
  4917 | D:5      | You fall through a shaft for 2 floors!
  4925 | D:7      | Reached skill level 6 in Axes
  5083 | D:5      | Reached **** piety under Trog
  5096 | D:5      | Noticed murphy's ghost (weakling DEEE)
  5119 | D:5      | Killed murphy's ghost
  5407 | D:6      | Reached skill level 1 in Bows
  5508 | D:6      | Found a staircase to the Ecumenical Temple.
  5607 | D:6      | Reached XP level 9. HP: 53/56 MP: 9/9
  6172 | D:6      | Reached skill level 7 in Axes
  6834 | D:7      | Found a snail-covered altar of Cheibriados.
  6913 | D:7      | Noticed a gargoyle
  6926 | D:7      | Killed a gargoyle
  7123 | D:7      | Noticed a gargoyle
  7139 | D:7      | Killed a gargoyle
  7191 | D:7      | Noticed a gargoyle
  7203 | D:7      | Killed a gargoyle
  7203 | D:7      | Reached skill level 8 in Axes
  7203 | D:7      | Reached skill level 5 in Bows
  7203 | D:7      | Reached skill level 5 in Dodging
  7203 | D:7      | Reached XP level 10. HP: 33/63 MP: 10/10
  7443 | D:7      | Noticed a gargoyle
  7447 | D:7      | Killed a gargoyle
  7914 | D:8      | Reached ***** piety under Trog
  8709 | D:9      | Got a polished hand axe
  8710 | D:9      | Identified the +10 hand axe of the Endless Expanse {venom, Int+2} (You found it on level 9 of the Dungeon)
  8746 | D:9      | Received a gift from Trog
  9056 | D:9      | Found a glowing golden altar of the Shining One.
  9096 | D:9      | Reached skill level 9 in Axes
  9170 | D:9      | Reached XP level 11. HP: 68/68 MP: 11/11
 10076 | D:10     | Entered Level 10 of the Dungeon
 10088 | D:10     | Received a gift from Trog
 10499 | D:10     | Noticed a two-headed ogre
 10502 | D:10     | Noticed a two-headed ogre
 10509 | D:10     | Killed a two-headed ogre
 10531 | D:10     | Killed a two-headed ogre
 10531 | D:10     | Received a gift from Trog
 10810 | D:10     | Noticed a manticore
 10824 | D:10     | Killed a manticore
 11054 | D:10     | Received a gift from Trog
 11078 | D:10     | Found a staircase to the Orcish Mines.
 11426 | D:11     | Noticed a five-headed hydra
 11435 | D:11     | Killed a one-headed hydra
 11435 | D:11     | Reached skill level 10 in Axes
 11439 | D:11     | Reached XP level 12. HP: 24/76 MP: 12/12
 11790 | D:11     | Received a gift from Trog
 11981 | D:11     | Found a staircase to the Lair.
 12484 | D:11     | Found a shimmering altar of Xom.
 12486 | D:11     | Found a shimmering altar of Xom.
 12487 | D:11     | Found a shimmering altar of Xom.
 12489 | D:11     | Found a shimmering altar of Xom.
 12490 | D:11     | Found a shimmering altar of Xom.
 12490 | D:11     | Found a shimmering altar of Xom.
 12496 | D:11     | You fall through a shaft for 2 floors!
 12500 | D:13     | Noticed a centaur warrior
 12511 | D:13     | Killed a centaur warrior
 12696 | D:13     | Noticed a centaur warrior
 12714 | D:13     | Killed a centaur warrior
 13019 | D:12     | Demolished by a very large slime creature

Vault maps used:
D:1:      shiori_arrival_oz, serial_bayou_ford_a, corexii_hall_statues_t
D:2:      amethyst_overflow_temple_binary, makhleb_grotto_becter, uniq_robin,
          uniq_crazy_yiuf_cottage
D:3:      portal_sewer_entry_e, first_bread
D:4:      evilmike_ruin_ashenzari, kennysheep_orc_chapel, uniq_grinder
D:5:      nicolae_overflow_crystal_walls, serial_shops, nicolae_shop_waterfront,
          uniq_ijyb
D:6:      minmay_temple_entry_large_hall
D:7:      cheibrodos_statue_roulette, cheibriados_altar_1
D:9:      cheibrodos_two_vegetables, basic_altar, the_bakery
D:10:     orc_0_dummy
D:11:     erik_lair_orcish_takeover, xom_redecorated
D:12:     hex_large
D:13:     uniq_nessos

Skill      XL: |  1  2  3  4  5  6  7  8  9 10 11 12 |
---------------+-------------------------------------+-----
Dodging        | 2 3 4 5 6 |  6.8
Axes           | 3 4 5 6 8 9 10 | 10.5
Armour         | 3 4 5 6 7 8 |  8.8
Fighting       | 4 5 6 7 8 9 |  9.5
Bows           | 2 5 7 8 9 |  9.5

Action                   |  1- 3 |  4- 6 |  7- 9 | 10-12 || total
-------------------------+-------+-------+-------+-------++-------
Melee: Hand axe          |   239 |   269 |   308 |   421 ||  1237
       Unarmed           |       |     3 |       |       ||     3
 Fire: Shortbow          |       |       |    98 |   390 ||   488
Invok: Berserk           |     1 |     3 |     6 |     5 ||    15
       Burn Spellbooks   |       |       |     1 |       ||     1
  Use: Scroll            |       |     2 |       |    11 ||    13
  Eat: Bread ration      |       |     1 |       |       ||     1
       Chunk             |       |     9 |    15 |    21 ||    45
       Meat ration       |       |       |     1 |       ||     1
       Royal jelly       |       |       |       |     1 ||     1
Armor: Animal skin       |    10 |       |       |       ||    10
       Ring mail         |    72 |    97 |   105 |       ||   274
       Chain mail        |       |       |    54 |   341 ||   395
Dodge: Dodged            |   127 |   146 |   173 |   280 ||   726
